 Dungeon Crawl Stone Soup version 0.23.2-1-ga50397a6bc (webtiles) character file.

Game seed: 13643665054239394078

982 H0rd4k the Charlatan (level 8, -2/57 HPs)
             Began as a Human Artificer on May 29, 2019.
             Slain by Pikel
             ... wielding a +2 whip of electrocution
              (15 damage)
             ... on level 5 of the Dungeon.
             The game lasted 00:11:46 (4830 turns).

H0rd4k the Charlatan (Human Artificer)              Turns: 4830, Time: 00:11:48

Health: -2/57      AC: 13    Str: 14    XL:     8   Next: 40%
Magic:  0/11       EV: 11    Int: 13    God:
Gold:   289        SH:  0    Dex: 13    Spells: 7/7 levels left

rFire    + . .     SeeInvis .   c - +8 whip of Resourcefulness {freeze, rF+}
rCold    . . .     Gourm    .   (no shield)
rNeg     . . .     Faith    .   m - +0 scale mail
rPois    .         Spirit   +   (no helmet)
rElec    .         Reflect  .   u - +2 cloak
rCorr    .         Harm     .   (no gloves)
MR       .....                  (no boots)
Stlth    +.........             j - amulet of guardian spirit
HPRegen  0.19/turn              x - ring of stealth
MPRegen  0.12/turn              t - +3 ring of protection

@: no status effects
A: no striking features
a: no special abilities


You were on level 5 of the Dungeon.
You were not hungry.

You visited 2 branches of the dungeon, and saw 6 of its levels.

You collected 289 gold pieces.

Inventory:

Hand Weapons
 a - a +0 short sword
 c - the +8 whip of Resourcefulness (weapon) {freeze, rF+}
   (You found it on level 4 of the Dungeon)

   It has been specially enchanted to freeze those struck by it, causing extra
   injury to most foes and up to half again as much damage against particularly
   susceptible opponents.
   It can also slow down cold-blooded creatures.
   It protects you from fire.
 p - a +4 dagger
 w - a +0 dagger of venom
Missiles
 y - 8 poisoned tomahawks (quivered)
 B - 2 tomahawks
Armour
 b - a +0 leather armour
 m - a +0 scale mail (worn)
 u - a +2 cloak (worn)
Jewellery
 j - an amulet of guardian spirit (around neck)
 t - a +3 ring of protection (right hand)
 x - a ring of stealth (left hand)
Wands
 d - a wand of enslavement (12)
 A - a wand of disintegration (5)
 C - a wand of acid (3)
Scrolls
 h - a scroll of remove curse
 i - a scroll of fear
 n - 4 scrolls of identify
 o - 3 scrolls of magic mapping
 r - a scroll of amnesia
 s - a scroll of enchant weapon
 v - a scroll of teleportation
Potions
 e - a potion of curing
 g - 2 potions of haste
 k - 2 potions of heal wounds {unknown}
 l - 2 potions of invisibility {unknown}
 q - 2 potions of mutation {unknown}
 z - a potion of might {unknown}
 E - a potion of lignification {unknown}
Comestibles
 f - 8 rations
 D - 3 chunks of flesh


   Skills:
 + Level 2.8 Fighting
 + Level 3.4 Short Blades
 + Level 3.3 Maces & Flails
 * Level 1.6 Throwing
 + Level 4.2 Armour
 + Level 3.9 Dodging
 + Level 1.5 Stealth
 + Level 4.6 Evocations


You had 7 spell levels left.
You didn't know any spells.
Your spell library was empty.

Dungeon Overview and Level Annotations

Branches:
Dungeon (5/15)             Temple (1/1) D:4

Altars:
Ashenzari
Dithmenos
Elyvilon
Fedhas
Hepliaklqana
Makhleb
Okawaru
Qazlal
Ru
Sif Muna
Trog
Uskayaw
Vehumet
Xom
Yredelemnul
The Shining One

Annotations:
D:2 exclusion: 2 downstairs
D:4 exclusion: downstairs
D:5 exclusion: upstairs, Pikel


Message History

The bullfrog zombie hits you but does no damage.
You whack Pikel! You freeze Pikel.
Pikel is severely wounded.
Pikel hits you but does no damage.
You are electrocuted!
The bullfrog zombie hits you but does no damage.
The slave closely misses you.
You whack Pikel! You freeze Pikel.
Pikel is almost dead.
Pikel says, "You'll feel the lick of my whip!"
Pikel hits you with a +2 whip of electrocution.
You are electrocuted!
* * * LOW HITPOINT WARNING * * *
The bullfrog zombie hits you but does no damage.
You miss Pikel.
Pikel is almost dead.
The slave hits you but does no damage. The bullfrog zombie barely misses you.
Pikel hits you with a +2 whip of electrocution.
* * * LOW HITPOINT WARNING * * *
You are electrocuted!!
You die...

# # ###.._.....# #
#..........# #
#..........# #.....)..[
#........ ..... #......#
.......# #...pK(#
###......####...@Zp# #
#........#...#####p# .#
#....... #...# #.# ..#
#.....####...# #p# ...#
.........#...#####.##....#
.............Z.p.....#
.............#####.#.#
.............# #.#.#
.............# #.# #


You could see Pikel, 3 slaves and a bullfrog zombie.

Vanquished Creatures
  Grinder (D:3)
  Sigmund (D:3)
  A phantom (D:4)
  An ogre (D:3)
  An iguana (D:4)
  4 orc wizards (D:5)
  Robin (D:4)
  A howler monkey zombie (D:5)
  17 adders
  2 gnolls (D:5)
  2 oozes
  4 worms
  3 dart slugs
  2 leopard geckos
  8 orcs
  3 ball pythons
  3 giant cockroaches
  16 goblins
  10 hobgoblins
  10 jackals
  3 quokkas
  6 bats
  2 frilled lizards
  6 kobolds
  A leopard gecko skeleton (D:5)
  13 rats
122 creatures vanquished.

Vanquished Creatures (collateral kills)
  A dart slug (D:3)
1 creature vanquished.

Grand Total: 123 creatures vanquished

Notes
Turn   | Place    | Note
-------+----------+-------------------------------------------
     0 | D:1      | H0rd4k the Human Artificer began the quest for the Orb.
     0 | D:1      | Reached XP level 1. HP: 15/15 MP: 3/3
   118 | D:1      | Reached XP level 2. HP: 20/21 MP: 4/4
   716 | D:1      | Reached XP level 3. HP: 25/26 MP: 5/5
   915 | D:2      | Reached XP level 4. HP: 16/32 MP: 6/6
  1154 | D:2      | Reached skill level 1 in Armour
  1486 | D:3      | Reached XP level 5. HP: 33/37 MP: 8/8
  1687 | D:3      | Noticed Grinder
  1689 | D:3      | Paralysed by Grinder for 7 turns
  2335 | D:3      | Paralysed by Grinder for 7 turns
  2382 | D:4      | Reached XP level 6. HP: 39/44 MP: 9/9
  2384 | D:4      | Found a staircase to the Ecumenical Temple.
  2444 | D:4      | Noticed an ogre
  2446 | D:4      | Noticed a phantom
  2452 | D:5      | Entered Level 5 of the Dungeon
  3012 | D:4      | Got a crude whip
  3013 | D:4      | Identified the +8 whip of Resourcefulness {freeze, rF+}
                  | (You found it on level 4 of the Dungeon)
  3080 | D:4      | HP: 2/44 [gnoll/+0 halberd (6)]
  3088 | D:4      | Noticed Robin
  3326 | D:5      | Noticed Pikel
  3326 | D:5      | Noticed a slave
  3326 | D:5      | Noticed a slave
  3326 | D:5      | Noticed a slave
  3326 | D:5      | Noticed a slave
  3366 | D:3      | Killed Grinder
  3366 | D:3      | Reached skill level 1 in Maces & Flails
  3366 | D:3      | Reached XP level 7. HP: 11/51 MP: 10/10
  3882 | D:3      | Noticed Sigmund
  3894 | D:3      | Killed Sigmund
  3894 | D:3      | Reached skill level 1 in Throwing
  3894 | D:3      | Reached XP level 8. HP: 36/57 MP: 8/11
  4395 | Temple   | Entered the Ecumenical Temple
  4642 | D:4      | Killed Robin
  4823 | D:5      | Found a glowing golden altar of the Shining One.
  4830 | D:5      | Slain by Pikel

Skill      XL: |  1  2  3  4  5  6  7  8 |
---------------+-------------------------+-----
Short Blades   | 2 3 |  3.4
Armour         | 1 3 4 |  4.2
Evocations     | 4 |  4.6
Dodging        | 3 |  3.9
Fighting       | 2 |  2.8
Maces & Flails | 1 2 3 |  3.3
Throwing       | 1 |  1.6
Stealth        | |  1.5

Action                   |  1- 3 |  4- 6 |  7- 9 || total
-------------------------+-------+-------+-------++-------
Melee: Short sword       |    59 |       |       ||    59
       Dagger            |    30 |   272 |       ||   302
       Whip              |       |    38 |   134 ||   172
Evoke: Wand              |     5 |    28 |       ||    33
  Use: Scroll            |       |     7 |     1 ||     8
       Potion            |       |     2 |       ||     2
 Stab: Sleeping          |     1 |       |     1 ||     2
  Eat: Chunk             |       |     2 |     4 ||     6
       Ration            |       |     2 |       ||     2
Armor: Leather armour    |    10 |       |       ||    10
       Scale mail        |    35 |   153 |    55 ||   243
Dodge: Dodged            |    55 |   168 |    53 ||   276
